 Dungeon Crawl Stone Soup version 0.19.5 (webtiles) character file.

251 Reinor the Covert (level 5, -1/35 HPs)
             Began as a Vampire Enchanter on Mar 16, 2017.
             Slain by a gnoll shaman
             ... wielding a +0 whip
              (8 damage)
             ... on level 3 of the Dungeon.
             The game lasted 00:13:20 (2016 turns).

Reinor the Covert (Vampire Enchanter)               Turns: 2016, Time: 00:13:21

Health: -1/35      AC:  3    Str:  7    XL:     5   Next: 88%
Magic:  5/8        EV: 13    Int: 18    God:
Gold:   93         SH:  0    Dex: 15    Spells: 3 memorised, 2 levels left

rFire  + . .     SeeInvis +     a - +2 dagger
rCold  x . .     Gourm    .     b - +1 robe
rNeg   . . .     Faith    .     (no shield)
rPois  .         Spirit   .     (no helmet)
rElec  .         Reflect  .     (no cloak)
rCorr  .         Harm     .     (no gloves)
MR     .....                    (no boots)
Stlth  ++++......               (no amulet)
                                (no ring)
                                e - ring of fire

@: regenerating quickly
A: fangs 3, see invisible, unbreathing
a: no special abilities


You were on level 3 of the Dungeon.
You were very full.

You visited 1 branch of the dungeon, and saw 3 of its levels.

You collected 93 gold pieces.

Inventory:

Hand Weapons
 a - a +2 dagger (weapon)
 q - a +0 dagger of speed
 r - a +0 blowgun
Missiles
 n - 19 poisoned needles
Armour
 b - a +1 robe (worn)
 i - a +0 buckler
Jewellery
 e - a ring of fire (left hand)
Wands
 j - a wand of flame (20/48)
Scrolls
 f - 2 scrolls of teleportation
 k - a scroll of enchant armour {unknown}
 m - a scroll of recharging {unknown}
Potions
 d - a potion of blood
 g - 4 potions of curing
 h - a potion of resistance
 l - a potion of ambrosia {unknown}
 o - a potion of berserk rage {unknown}
 p - a potion of haste {unknown}
 s - a potion of heal wounds {unknown}
Books
 c - a book of Maledictions

   Spells                             Type                      Level
   a - Corona                         Hexes                        1
   b - Ensorcelled Hibernation        Hexes/Ice                    2
   c - Confuse                        Hexes                        3
   d - Tukima's Dance                 Hexes                        3
   e - Dazzling Spray                 Conjuration/Hexes            3


   Skills:
 - Level 4.3 Short Blades
 - Level 2.1 Dodging
 - Level 8.0 Stealth
 + Level 2.0 Spellcasting
 + Level 4.4 Hexes


You had 2 spell levels left.
You knew the following spells:

 Your Spells              Type           Power        Failure   Level  Hunger
a - Corona                Hex            ###....      2%          1    #......
b - Ensorcelled Hibernat  Hex/Ice        #.....       12%         2    ###....
c - Confuse               Hex            ###.....     10%         3    ###....


Dungeon Overview and Level Annotations

Branches:
Dungeon (3/15)

Altars:
Cheibriados
Nemelex Xobeh
Yredelemnul


Innate Abilities, Weirdness & Mutations

Your natural rate of healing is unusually fast.
You have razor-sharp teeth.
You have supernaturally acute eyesight. (SInv)
You can survive without breathing.


Message History

The gnoll shaman completely misses you.
You hit the gnoll shaman but do no damage.
The gnoll shaman is lightly wounded.
The gnoll shaman barely misses you.
You hit the gnoll shaman.
The gnoll shaman is lightly wounded.
You barely miss the gnoll shaman.
The gnoll shaman is lightly wounded.
The gnoll shaman hits you with a whip.
You closely miss the gnoll shaman.
The gnoll shaman is lightly wounded.
The gnoll shaman closely misses you.
You hit the gnoll shaman but do no damage.
The gnoll shaman is lightly wounded.
The gnoll shaman hits you with a whip!
* * * LOW HITPOINT WARNING * * *
You hit the gnoll shaman but do no damage.
The gnoll shaman is lightly wounded.
The gnoll shaman hits you with a whip!
You die...

.........#...............
g........#...............
.........#...............
.........#...............
.........#...............
>......(.))..............
......####...............
......####...............
##......@g)...((.........
#########............K..
....................
....................
....................
....................
...##............... ...
#............... ..
#...............


You could see a gnoll shaman.

Vanquished Creatures
  The ghost of Sanvar the Changer, a weakling OpTm (D:3)
  An orc priest (D:3)
  An orc wizard (D:3)
  6 gnolls
  3 adders
  2 oozes
  3 dart slugs
  2 leopard geckos
  3 orcs (D:3)
  8 bats
  3 giant cockroaches
  6 hobgoblins
  2 ball pythons
  3 frilled lizards
  6 goblins
  9 kobolds
  7 rats
  A spectral orc (D:2)
67 creatures vanquished.

Notes
Turn   | Place    | Note
-------+----------+-------------------------------------------
     0 | D:1      | Reinor the Vampire Enchanter began the quest for the Orb.
     0 | D:1      | Reached XP level 1. HP: 13/13 MP: 3/3
   264 | D:1      | Reached XP level 2. HP: 18/19 MP: 5/5
   581 | D:1      | Learned a level 2 spell: Ensorcelled Hibernation
   721 | D:1      | Reached XP level 3. HP: 20/24 MP: 6/6
  1046 | D:2      | Found a snail-covered altar of Cheibriados.
  1185 | D:2      | Reached XP level 4. HP: 30/30 MP: 0/7
  1190 | D:2      | Learned a level 3 spell: Confuse
  1338 | D:2      | Reached skill level 5 in Stealth
  1399 | D:2      | Found a basalt altar of Yredelemnul.
  1557 | D:3      | Found a sparkling altar of Nemelex Xobeh.
  1662 | D:3      | Reached skill level 6 in Stealth
  1676 | D:3      | Reached XP level 5. HP: 33/35 MP: 8/8
  1783 | D:3      | Reached skill level 7 in Stealth
  1822 | D:3      | Noticed Sanvar's ghost (weakling OpTm)
  1842 | D:3      | Killed Sanvar's ghost
  1944 | D:3      | Reached skill level 8 in Stealth
  2016 | D:3      | Slain by a gnoll shaman

Skill      XL: |  1  2  3  4  5 |
---------------+----------------+-----
Short Blades   | 2 3 4 |  4.3
Stealth        | 6 8 |  8.0
Dodging        | |  2.1
Spellcasting   | |  2.0
Hexes          | |  4.4

Action                   |  1- 3 |  4- 6 || total
-------------------------+-------+-------++-------
Melee: Dagger            |   119 |   149 ||   268
       Bite              |     9 |    10 ||    19
 Fire: Blowgun           |       |     6 ||     6
 Cast: Ensorcelled Hiber |     5 |     5 ||    10
       Confuse           |       |     1 ||     1
  Use: Scroll            |     7 |       ||     7
       Potion            |       |     2 ||     2
 Stab: Sleeping          |    12 |     9 ||    21
       Distracted        |     1 |       ||     1
       Confused          |       |     1 ||     1
  Eat: Corpse            |     7 |     8 ||    15
Armor: Robe              |    25 |    16 ||    41
Dodge: Dodged            |    63 |    76 ||   139
